Map: Simulacrum LE

Players

ViPTonari - Winner!

  • Race: Protoss Protoss
  • League: Diamond
  • Spawn Location: 5:00

Simmen

  • Race: Zerg Zerg
  • League: Diamond
  • Spawn Location: 11:00

VOD

Have the link to the VOD?

Description

Me trying the florencio build

Time

  • Played on: Jan. 27, 2020, 2:44 a.m.
  • Length: 8:25
Show
View Real Time Build Order
Export as new Build Order

ViPTonari Protoss - Winner!

Build Orders:  

Get SALT Encoding   

  12  0:01  Probe  
  13  0:13  Probe  
  14  0:20  Pylon  
  14  0:25  Probe  
  15  0:40  Forge  
  15  0:42  Probe (Chrono Boost)  
  16  0:53  Probe (Chrono Boost)  
  17  0:57  Probe (Chrono Boost)  
  18  1:06  Gateway  
  18  1:25  Photon Cannon  
  18  1:27  Gateway  
  18  1:33  Photon Cannon  
  18  1:37  Probe (Chrono Boost)  
  20  1:47  Assimilator, Probe (Chrono Boost)  
  20  1:52  Probe (Chrono Boost)  
  20  1:54  Zealot  
  22  2:06  Assimilator  
  22  2:08  Probe (Chrono Boost)  
  23  2:27  Pylon  
  23  2:45  Zealot, Pylon  
  25  2:56  Zealot  
  27  3:07  Gateway  
  27  3:08  Gateway  
  27  3:16  Cybernetics Core  
  27  3:27  Zealot x2  
  31  3:35  Probe  
  31  3:38  Photon Cannon  
  32  3:47  Warp Gate (Chrono Boost), Probe  
  33  3:58  Robotics Facility  
  33  3:59  Zealot  
  35  4:03  Probe  
  36  4:10  Zealot  
  38  4:22  Twilight Council  
  38  4:25  Probe  
  39  4:48  Pylon  
  39  5:06  Stalker, Warp Prism (Chrono Boost)  
  43  5:21  Charge  
  43  5:23  Probe  
  43  5:27  Zealot  
  46  5:32  Pylon  
  46  5:34  Pylon  
  46  5:38  Pylon  
  46  5:54  Stalker x2  
  46  5:56  Stalker  
  52  6:11  Stalker  
  52  6:14  Probe  
  55  6:26  Probe  
  55  6:27  Zealot  
  55  6:28  Stalker  
  60  7:05  Zealot x2  
  30  7:28  Nexus  
  28  7:33  Pylon  
Show
View Real Time Build Order
Export as new Build Order

Simmen Zerg 

Build Orders: 3 Hatch before Pool 

Get SALT Encoding   

  12  0:05  Extractor  
  12  0:07  Drone  
  12  0:11  Drone  
  13  0:17  Drone  
  14  0:26  Extractor, Drone  
  14  0:41  Overlord  
  15  1:08  Burrow  
  15  1:16  Hatchery  
  14  1:18  Drone  
  14  1:22  Drone  
  16  1:37  Drone  
  17  1:53  Hatchery  
  16  1:54  Drone  
  17  2:02  Drone  
  18  2:19  Drone x2  
  18  2:20  Drone  
  22  2:34  Spawning Pool  
  22  2:35  Drone  
  22  2:42  Overlord  
  22  2:56  Overlord  
  22  3:07  Drone x2  
  24  3:21  Queen x2  
  24  3:22  Zergling x4  
  24  3:25  Spore Crawler  
  29  3:27  Spore Crawler, Drone  
  29  3:28  Drone  
  30  3:36  Zergling x2  
  31  3:45  Roach Warren  
  30  4:05  Queen x2  
  33  4:15  Overlord x2  
  33  4:26  Extractor  
  33  4:28  Drone x3  
  33  4:31  Overlord  
  35  4:52  Roach  
  37  4:53  Roach x3, Metabolic Boost  
  37  4:55  Roach x4  
  51  5:04  Roach x2  
  55  5:10  Roach  
  57  5:16  Roach x2  
  61  5:23  Roach x2  
  65  5:29  Ravager x2  
  65  5:30  Ravager  
  68  5:47  Overlord x2  
  68  6:02  Overlord  
  68  6:10  Ravager x2  
  71  6:11  Zergling x2  
  71  6:12  Zergling x16  
  61  6:44  Roach x4  
  61  6:45  Roach x2  
  71  6:50  Roach  
  51  7:28  Roach x2  
Tags
 
Add a new tag
Caveats
  • Supply blocks, unpowered buildings, or Contaminate may cause inaccurate times.
  • Supply counts are checked every 10 seconds.